 Dungeon Crawl Stone Soup version 0.28-a0-313-gbc0475efdd (webtiles) character file.

Game seed: 18292121527973828807

71 dolemite99 the Chopper (level 4, 0/39 HPs)
             Began as a Minotaur Monk on Sept 1, 2021.
             Slain by a scorpion (6 damage)
             ... on level 3 of the Dungeon.
             The game lasted 00:02:22 (2745 turns).

dolemite99 the Chopper (Minotaur Monk)              Turns: 2745, Time: 00:02:23

Health: 0/39       AC:  6    Str: 16    XL:     4   Next: 5%
Magic:  12/12      EV: 10    Int:  7    God:
Gold:   56         SH:  0    Dex: 13    Spells: 3/3 levels left

rFire   . . .      SeeInvis .   a - +0 hand axe
rCold   . . .      Faith    .   (no shield)
rNeg    . . .      Spirit   .   d - +0 scale mail
rPois   .          Reflect  .   (helmet restricted)
rElec   .          Harm     .   (no cloak)
rCorr   .          Rampage  .   (no gloves)
Will    .....                   (no boots)
Stlth   ..........              (no amulet)
HPRegen 1.13/turn               g - ring of magical power
MPRegen 0.13/turn               (no ring)

@: lethally poisoned (0 -> -1), flying
A: horns 2, retaliatory headbutt, claws 1, regeneration 1
a: no special abilities


You were on level 3 of the Dungeon.
You visited 1 branch of the dungeon, and saw 3 of its levels.

You collected 56 gold pieces.

Inventory:

Hand Weapons
 a - a +0 hand axe (weapon)
Missiles
 k - 53 stones (quivered)
 p - 25 arrows
Armour
 b - a +0 robe
 d - a +0 scale mail (worn)
Magical Staves
 o - a staff of poison
Jewellery
 g - a ring of magical power (left claw)
 j - a ring of willpower
 l - a ring of wizardry
Scrolls
 c - a scroll of torment {unknown}
 e - a scroll of identify {@r1}
 i - a scroll of teleportation
Potions
 h - a potion of curing {unknown}
 m - a potion of mutation
 n - a potion of resistance {unknown}


   Skills:
 - Level 3.6 Fighting
 + Level 6.0 Axes
 - Level 3.2 Dodging
 - Level 1.5 Stealth


You had 3 spell levels left.
You didn't know any spells.
Your spell library was empty.

Dungeon Overview and Level Annotations

Branches:
Dungeon (3/15)

Altars:

Annotations:
D:3 Grinder


Innate Abilities, Weirdness & Mutations

You have a pair of horns on your head.
You reflexively headbutt those who attack you in melee.
You have sharp fingernails.
Your natural rate of healing is unusually fast.


Message History

You miss the quokka. The quokka bites you.
You closely miss the rat. You hit the quokka. The quokka completely misses you.
The quokka bites you. The rat bites you.
You hit the rat but do no damage. You hit the quokka.
The quokka bites you but does no damage.
The rat bites you.
You closely miss the rat. You hit the quokka.
You kill the quokka!
The rat barely misses you.
You barely miss the rat. The rat bites you.
You hit the rat but do no damage. The rat bites you but does no damage.
You slash the rat!
You kill the rat!
The scorpion stings you but does no damage.
You hit the scorpion.
The scorpion is moderately wounded.
The scorpion stings you.
You hit the scorpion but do no damage. Your headbutt misses the scorpion.
The scorpion is moderately wounded.
The scorpion stings you.
You are poisoned.
The scorpion poisons you!
You closely miss the scorpion.
The scorpion is moderately wounded.
You feel very sick. The scorpion stings you.
You barely miss the scorpion. Your headbutt misses the scorpion.
The scorpion is moderately wounded.
You feel sick. The scorpion barely misses you. You furiously retaliate!
You headbutt the scorpion, but do no damage.
It was a potion of mutation.
You feel extremely strange.
Your fingernails lengthen.
You begin to heal more quickly.
You feel sick. The scorpion barely misses you. You furiously retaliate!
You headbutt the scorpion, but do no damage.
The scorpion stings you.
* * * LOW HITPOINT WARNING * * *
It was a potion of flight.
You feel very buoyant.
You fly up into the air.
You feel sick. The scorpion stings you.
You die...

######.##
#......!#
#@# . #s#
... #.# ...
#.# <.(
#.#####.#
(..
####.......#
...
#....##..###
. #....#
.... #...##
.#.


You could see a scorpion.

Vanquished Creatures
  An adder (D:3)
  A worm (D:2)
  A dart slug (D:3)
  7 ball pythons
  4 endoplasms
  2 giant cockroaches
  3 goblins
  6 hobgoblins
  4 jackals (D:1)
  5 quokkas
  4 bats
  4 frilled lizards
  3 kobolds
  9 rats
54 creatures vanquished.

Notes
Turn   | Place    | Note
-------+----------+-------------------------------------------
     0 | D:1      | dolemite99 the Minotaur Monk began the quest for the Orb.
     0 | D:1      | Reached XP level 1. HP: 19/19 MP: 0/0
    30 | D:1      | Reached skill level 4 in Axes
    44 | D:1      | Reached XP level 2. HP: 3/26 MP: 1/1
   699 | D:1      | Reached skill level 5 in Axes
   955 | D:1      | Reached XP level 3. HP: 27/31 MP: 2/2
  2495 | D:3      | Noticed a scorpion
  2495 | D:3      | Noticed Grinder
  2496 | D:3      | Paralysed by Grinder for 5 turns
  2509 | D:3      | Reached skill level 6 in Axes
  2509 | D:3      | Reached XP level 4. HP: 24/39 MP: 3/3
  2744 | D:3      | Gained mutation: You have sharp fingernails. [potion of
                  | mutation]
  2744 | D:3      | Gained mutation: Your natural rate of healing is unusually
                  | fast. [potion of mutation]
  2745 | D:3      | Slain by a scorpion

Illustrated notes

Levels and vault maps discovered:
D:1:      onia_arrival_pentagram, layout_loops_ring, hangedman_glass_teeth
D:2:      layout_loops_ring
D:3:      layout_loops_ring, amcnicky_mini_corridor_feature, uniq_grinder

Skill      XL: |  1  2  3 |
---------------+----------+-----
Axes           | 4 5 6 |  6.0
Fighting       | |  3.6
Dodging        | |  3.2
Stealth        | |  1.5

Action                   |  1- 3 |  4- 6 || total
-------------------------+-------+-------++-------
Melee: Hand axe          |   108 |    11 ||   119
       Headbutt          |    15 |       ||    15
Throw: Stone             |    11 |       ||    11
  Use: Scroll            |       |     2 ||     2
       Potion            |       |     2 ||     2
Armor: Robe              |     3 |       ||     3
       Scale mail        |    31 |     3 ||    34
Dodge: Dodged            |    76 |     8 ||    84

Table legend: (Time is in decaauts)
 A = Elapsed time spent in this place.
 B = Non-inter-level travel time spent in this place.
 C = Inter-level travel time spent in this place.
 D = Time resting spent in this place.
 E = Time spent auto-exploring this place.
 F = Levels seen in this place.
 G = Mean time per level.
                   A        B        C        D        E       F      G
               +--------+--------+--------+--------+--------+-----+--------+
         Total |   2750 |   2598 |    152 |    345 |   1782 |   3 |  916.7 |
       Dungeon |   2750 |   2598 |    152 |    345 |   1782 |   3 |  916.7 |
               +--------+--------+--------+--------+--------+-----+--------+

Top non-repeatable levels by time:
     D:1: 1247 daAuts
     D:2: 911 daAuts
     D:3: 591 daAuts
